 Dungeon Crawl Stone Soup version 0.30-a0-1075-gcd70e7a56d (webtiles) character file.

Game seed: 10923901495430509111

324 Chaicat the Trooper (level 6, -3/56 HPs)
             Began as a Minotaur Berserker on Apr 13, 2023.
             Was a Believer of Trog.
             Slain by a gnoll
             ... wielding a +0 spear
              (10 damage)
             ... on level 2 of the Dungeon on Apr 14, 2023.
             The game lasted 00:05:31 (1462 turns).

Chaicat the Trooper (Minotaur Berserker)            Turns: 1462, Time: 00:05:32

Health: -3/56      AC:  2    Str: 22    XL:     6   Next: 23%
Magic:  5/5        EV: 13    Int:  4    God:    Trog [**....]
Gold:   82         SH:  0    Dex: 11    Spells: 5/5 levels left

rFire   . . .      SeeInvis .    a - +0 hand axe
rCold   . . .      Faith    .    (no shield)
rNeg    . . .      Spirit   .    b - +0 animal skin
rPois   +          Reflect  .    (helmet restricted)
rElec   .          Rampage  .    (no cloak)
rCorr   .                        (no gloves)
Will    ++...                    (no boots)
Stlth   +                        (no amulet)
HPRegen 1.29/turn                d - ring of poison resistance
MPRegen 0.09/turn                (no ring)

@: strong-willed (expiring), regenerating (expiring)
A: horns 2, retaliatory headbutt
a: Renounce Religion, Berserk, Trog's Hand


You were on level 2 of the Dungeon.
You worshipped Trog.
Trog was pleased with you.
You visited 1 branch of the dungeon, and saw 2 of its levels.

You collected 82 gold pieces.

Inventory:

Hand Weapons
 a - a +0 hand axe (weapon)
Armour
 b - a +0 animal skin (worn)
Jewellery
 d - a ring of poison resistance (left hand)
 e - a ring of magical power
Scrolls
 g - a scroll of magic mapping
Potions
 c - 2 potions of curing
 f - a potion of heal wounds {unknown}
 h - a potion of lignification {unknown}
 i - a potion of berserk rage {unknown}


   Skills:
 * Level 5.5 Fighting
 + Level 5.5 Axes
 + Level 4.1 Armour
 + Level 3.7 Dodging


You had 5 spell levels left.
You didn't know any spells.
Your spell library was empty.

Dungeon Overview and Level Annotations

Branches:
Dungeon (2/15)

Altars:

Shops:
D:2 [


Innate Abilities, Weirdness & Mutations

You have a pair of horns on your head.
You reflexively headbutt those who attack you in melee.


Message History

The gnoll hits you with a +0 club. The gnoll hits you with a +0 flail.
You are too injured to fight recklessly!
You are too injured to fight recklessly!
You are too injured to fight recklessly!
You barely miss the gnoll.
The gnoll is heavily wounded.
You hit the gnoll.
The gnoll hits you from afar with a +0 spear!
The gnoll hits you with a +0 club. The gnoll hits you with a +0 flail.
* * * LOW HITPOINT WARNING * * *
You slash the gnoll!
You kill the gnoll!
Trog accepts your kill.
You hit the gnoll.
The gnoll hits you from afar with a +0 spear.
* * * LOW HITPOINT WARNING * * *
The gnoll barely misses you.
Your skin crawls.
You feel strong-willed.
The gnoll hits you from afar with a +0 spear!
* * * LOW HITPOINT WARNING * * *
The gnoll misses you.
You hit the gnoll.
You kill the gnoll!
Trog accepts your kill. The gnoll hits you but does no damage.
The gnoll hits you from afar with a +0 spear.
* * * LOW HITPOINT WARNING * * *
The gnoll closely misses you.
You see here a +0 club.
You hit the gnoll but do no damage.
You headbutt the gnoll, but do no damage.
The gnoll closely misses you.
You closely miss the gnoll. The gnoll hits you with a +0 spear.
* * * LOW HITPOINT WARNING * * *
You slash the gnoll!
The gnoll is heavily wounded.
You feel the effects of Trog's Hand fading.
The gnoll hits you with a +0 spear!
You die...

######### ### #.......# ### #.##
#.....:.# #..
###.<#####....g))#############.#
##..............@................
.............#.###........*.*##..
##.....#####....##..........##...
##.....## ##.......)......#.....
........# #..###........##.##.#
......#.## #..# #........##.#..#
......#..## #..###........##...##
..).......###..#..........#....##
###........##..#.#...........#...


You could see a gnoll.

Vanquished Creatures
  Sigmund (D:2)
  Terence (D:2)
  Natasha (D:2)
  3 gnolls (D:2)
  4 adders (D:2)
  A dart slug (D:1)
  A bat (D:2)
  5 endoplasms
  2 giant cockroaches (D:2)
  5 goblins (D:1)
  7 hobgoblins (D:1)
  2 jackals (D:2)
  5 kobolds
  4 quokkas
  A ball python (D:1)
  5 frilled lizards
  7 rats
55 creatures vanquished.

Notes
Turn   | Place    | Note
-------+----------+-------------------------------------------
     0 | D:1      | Chaicat the Minotaur Berserker began the quest for the Orb.
     0 | D:1      | Reached XP level 1. HP: 19/19 MP: 0/0
   100 | D:1      | Reached XP level 2. HP: 8/27 MP: 1/1
   373 | D:1      | Reached XP level 3. HP: 33/33 MP: 2/2
   624 | D:1      | Reached ** piety under Trog
   840 | D:1      | Upgraded the game from 0.30-a0-1074-g5db6f66fbb to
                  | 0.30-a0-1075-gcd70e7a56d
   858 | D:2      | Noticed Natasha
   863 | D:2      | Killed Natasha
   970 | D:2      | Reached XP level 4. HP: 37/40 MP: 3/3
  1021 | D:2      | Noticed Terence
  1032 | D:2      | Killed Terence
  1058 | D:2      | Reached skill level 5 in Axes
  1071 | D:2      | Found Nolin's Armour Shop.
  1159 | D:2      | Noticed Sigmund
  1175 | D:2      | Killed Sigmund
  1176 | D:2      | Reached skill level 5 in Fighting
  1176 | D:2      | Reached XP level 5. HP: 26/48 MP: 4/4
  1176 | D:2      | Reached XP level 6. HP: 31/56 MP: 5/5
  1462 | D:2      | Slain by a gnoll

Illustrated notes

Levels and vault maps discovered:
D:1:      lemuel_arrival_lava_pool, layout_basic
D:2:      layout_rooms, serial_shops, shop, chequers_serial_rivers_micro_b,
          minmay_misc_feat_secret_circle, kennysheep_path_1, minivault_14,
          uniq_natasha, uniq_sigmund, uniq_terence

Skill      XL: |  1  2  3  4 |
---------------+-------------+-----
Axes           | 4 5 |  5.5
Fighting       | 4 5 |  5.5
Armour         | 3 4 |  4.1
Dodging        | 3 |  3.7

Action                     |  1- 3 |  4- 6 || total
---------------------------+-------+-------++-------
  Melee: Hand axe          |    67 |    66 ||   133
         Headbutt          |    11 |     3 ||    14
         Punch             |     1 |       ||     1
 Invoke: Trog's Hand       |       |     1 ||     1
    Use: Scroll            |     2 |     1 ||     3
   Stab: Sleeping          |     1 |     2 ||     3
 Armour: Animal skin       |     6 |     9 ||    15
  Dodge: Dodged            |    40 |    44 ||    84

Table legend: (Time is in decaauts)
 A = Elapsed time spent in this place.
 B = Non-inter-level travel time spent in this place.
 C = Inter-level travel time spent in this place.
 D = Time resting spent in this place.
 E = Time spent auto-exploring this place.
 F = Levels seen in this place.
 G = Mean time per level.
                   A        B        C        D        E       F      G
               +--------+--------+--------+--------+--------+-----+--------+
         Total |   1470 |   1470 |      0 |    160 |    972 |   2 |  735.0 |
       Dungeon |   1470 |   1470 |      0 |    160 |    972 |   2 |  735.0 |
               +--------+--------+--------+--------+--------+-----+--------+

Top non-repeatable levels by time:
     D:1: 860 daAuts
     D:2: 609 daAuts
